 Seeded DCSS version 0.30-a0-793-g160f7cfddd (webtiles) character file.

Game seed: 2869265305504195120 (custom seed)

689 timneilson the Covered (level 7, -3/44 HPs)
             Began as a Gargoyle Fighter on Feb 19, 2023.
             Was an Initiate of Okawaru.
             Slain by an ogre
             ... wielding a +0 giant spiked club
              (20 damage)
             ... on level 5 of the Dungeon.
             The game lasted 00:08:45 (4357 turns).

timneilson the Covered (Gargoyle Fighter)           Turns: 4357, Time: 00:08:46

Health: -3/44      AC: 18    Str: 19    XL:     7   Next: 63%
Magic:  16/16      EV:  7    Int:  6    God:    Okawaru [......]
Gold:   91         SH:  5    Dex: 11    Spells: 6/6 levels left

rFire   + . .      SeeInvis .    d - +1 scimitar
rCold   . . .      Faith    .    c - +0 buckler
rNeg    + . .      Spirit   .    l - +0 chain mail
rPois   ∞          Reflect  .    (no helmet)
rElec   +          Harm     .    (no cloak)
rCorr   +          Rampage  .    h - +2 pair of gloves of Life {rF+ MP+9 Int-3 Stlth+}
Will    .....                    (no boots) Stlth
                                 (no amulet)
HPRegen 0.27/turn                e - ring of resist corrosion
MPRegen 0.15/turn                (no ring)

@: no status effects
A: sickness immunity, AC +4, negative energy resistance 1, electricity
resistance, torment resistance 1, petrification resistance
a: Renounce Religion


You were on level 5 of the Dungeon.
You worshipped Okawaru.
Okawaru was noncommittal.
You visited 2 branches of the dungeon, and saw 6 of its levels.
You also visited: Ossuary.

You collected 195 gold pieces.
You spent 104 gold pieces at shops.

Inventory:

Hand Weapons
 a - a +0 long sword
 d - a +1 scimitar (weapon)
Armour
 c - a +0 buckler (worn)
 h - the +2 pair of gloves of Life (worn) {rF+ MP+9 Int-3 Stlth+}
   (You acquired it on level 2 of the Dungeon)

   Int:       It affects your intelligence (-3).
   rF:        It protects you from fire.
   MP:        It affects your magic capacity (+9).
   Stlth:     It makes you more stealthy.
 l - a +0 chain mail (worn)
Jewellery
 e - a ring of resist corrosion (left hand)
 i - a ring of fire
Wands
 o - a wand of flame (23)
Scrolls
 b - a scroll of silence
 k - 2 scrolls of enchant armour
 n - a scroll of identify
 r - 3 scrolls of magic mapping {unknown}
 t - 2 scrolls of enchant weapon
 u - a scroll of amnesia {unknown}
 v - 2 scrolls of vulnerability {unknown}
 x - 3 scrolls of immolation
 y - 5 scrolls of noise
 A - a scroll of blinking {unknown}
 B - a scroll of fear
Potions
 f - a potion of cancellation
 g - 3 potions of heal wounds
 j - 3 potions of brilliance
 m - 7 potions of mutation
 p - 4 potions of curing
 q - a potion of ambrosia {unknown}
 s - a potion of lignification {unknown}
 w - a potion of might
 z - 2 potions of invisibility {unknown}


   Skills:
 + Level 4.4 Fighting
 * Level 4.0 Long Blades
 * Level 5.4 Armour
 + Level 2.0 Dodging
 * Level 5.4 Shields
 + Level 1.0 Invocations
 + Level 0.0 Evocations


You had 6 spell levels left.
You didn't know any spells.
Your spell library contained the following spells:

 Spells                   Type           Power      Damage    Failure   Level
 Sandblast                Erth           0%         2d4       100%        1
 Passwall                 Tmut/Erth      0%         N/A       100%        2
 Stone Arrow              Conj/Erth      0%         3d7       100%        3


Dungeon Overview and Level Annotations

Branches:
Dungeon (5/15)             Temple (1/1) D:4         Ossuary (visited)

Altars:
Ashenzari
Cheibriados
Elyvilon
Fedhas
Gozag
Hepliaklqana
Kikubaaqudgha
Makhleb
Nemelex Xobeh
Okawaru
Qazlal
Ru
Sif Muna
Trog
Vehumet
Wu Jian
Xom
Yredelemnul
Zin
The Shining One

Shops:
D:3 (((:


Innate Abilities, Weirdness & Mutations

You are immune to sickness and miasma.
Your stone body is resilient. (AC +4)
You are immune to poison.
You resist negative energy. (rN+)
You are resistant to electric shocks. (rElec)
You are resistant to unholy torment.
You are immune to petrification.


Message History

Things that are here:
a +0 whip of freezing; a +1 ring mail of cold resistance An ogre comes into view.
It is wielding a +0 giant spiked club.
The ogre shouts!
The necrophage hits you.
You hit the necrophage.
The necrophage is moderately damaged.
The necrophage hits you but does no damage.
You barely miss the necrophage.
The necrophage is moderately damaged.
The necrophage hits you but does no damage.
You slash the necrophage!
The necrophage is heavily damaged.
The necrophage hits you but does no damage. x2
You hit the necrophage.
The necrophage is severely damaged.
The necrophage hits you but does no damage.
You hit the ogre.
The ogre is lightly wounded.
The necrophage hits you but does no damage.
The ogre hits you with a +0 giant spiked club!
You barely miss the ogre.
The ogre is lightly wounded.
The necrophage hits you but does no damage.
The ogre barely misses you. You block the necrophage's attack.
You slash the ogre!
The ogre is heavily wounded.
You block the necrophage's attack. The ogre hits you but does no damage.
You barely miss the ogre.
The ogre is heavily wounded.
The necrophage hits you but does no damage.
The ogre hits you with a +0 giant spiked club!
You barely miss the ogre.
The ogre is heavily wounded.
The necrophage hits you but does no damage.
You hit the ogre.
The ogre is heavily wounded.
The necrophage completely misses you.
The ogre hits you with a +0 giant spiked club!!
You die...

#...............###......###...
#...............##.............
##..)........................##
##.............#..........#.##
######..###...#.........[#...
##.####.##..........####
#..###.##..........#
#......)....... ##.##.@##......
#...On# ..... ##..#... ....
#..##... ... ..... ...(. ..
.##......... . . #.###.....
....##


You could see an ogre and a necrophage.

Vanquished Creatures
  Pargi (D:3)
  A black bear (D:4)
  A scorpion (D:5)
  A hound (D:4)
  A jelly (D:4)
  A human zombie (Ossuary)
  An orc priest (D:5)
  Natasha (thrice) (D:3)
  An iguana (D:5)
  3 mummies (Ossuary)
  5 adders
  3 gnolls (D:3)
  A white imp (D:5)
  2 worms
  5 dart slugs
  8 orcs
  3 endoplasms (D:3)
  A giant cockroach (D:1)
  8 goblins
  5 hobgoblins
  5 jackals
  4 kobolds
  4 quokkas
  10 ball pythons
  4 bats
  6 frilled lizards
  2 gnoll zombies (Ossuary)
  A goblin zombie (Ossuary)
  A hobgoblin zombie (Ossuary)
  2 kobold zombies (Ossuary)
  An orc zombie (Ossuary)
  8 rats
  A bush (D:4)
104 creatures vanquished.

Vanquished Creatures (others)
  3 plants (D:4)
3 creatures vanquished.

Grand Total: 107 creatures vanquished

Notes
Turn   | Place    | Note
-------+----------+-------------------------------------------
     0 | D:1      | timneilson the Gargoyle Fighter began the quest for the
                  | Orb.
     0 | D:1      | Reached XP level 1. HP: 14/14 MP: 1/1
   136 | D:1      | Reached XP level 2. HP: 19/19 MP: 2/2
   568 | D:1      | Reached XP level 3. HP: 23/23 MP: 3/3
  1209 | D:2      | Identified the +6 quarterstaff "Daifyann" {elec, +Blink
                  | rPois Dex+2}
  1243 | D:2      | Reached XP level 4. HP: 21/28 MP: 4/4
  1586 | D:2      | Identified a scroll of acquirement
  1586 | D:2      | Acquired the +2 pair of gloves of Life {rF+ MP+9 Int-3
                  | Stlth+}
  1743 | D:3      | Found Wuiraulo's Book Shoppe.
  1783 | D:3      | Noticed Pargi
  1805 | D:3      | Killed Pargi
  1806 | D:3      | Reached skill level 1 in Dodging
  1806 | D:3      | Reached XP level 5. HP: 13/33 MP: 5/5
  1977 | D:3      | Noticed Natasha
  1988 | D:3      | Killed Natasha
  2028 | D:3      | Noticed Natasha
  2051 | D:3      | Killed Natasha
  2052 | D:3      | Reached XP level 6. HP: 38/38 MP: 6/6
  2080 | D:3      | Found Haokleeh's Weapon Shoppe.
  2090 | D:3      | Found Zyidd's Antique Weapon Emporium.
  2108 | D:3      | Bought a scimitar for 104 gold pieces
  2303 | D:3      | Noticed Natasha
  2309 | D:3      | Killed Natasha
  2310 | D:3      | Found Ygeghuah's Antique Weapon Boutique.
  2835 | D:4      | Noticed a black bear
  2842 | D:4      | Killed a black bear
  2843 | D:4      | Reached skill level 5 in Armour
  2843 | D:4      | Reached skill level 5 in Shields
  2843 | D:4      | Reached XP level 7. HP: 41/43 MP: 7/7
  2909 | D:4      | Found a staircase to the Ecumenical Temple.
  2916 | Temple   | Entered the Ecumenical Temple
  2970 | Temple   | Became a worshipper of Warmaster Okawaru
  3182 | D:4      | Found a basalt altar of Yredelemnul.
  3182 | D:4      | Found an opulent altar of Gozag.
  3184 | D:4      | Found a shimmering altar of Xom.
  3636 | D:5      | Entered Level 5 of the Dungeon
  3685 | D:5      | Found a sand-covered staircase.
  3690 | Ossuary  | Entered an ossuary
  4322 | D:5      | Reached skill level 1 in Invocations
  4357 | D:5      | Slain by an ogre

Illustrated notes

Levels and vault maps discovered:
D:1:      nagdon_arrival_double_spiral, layout_basic
D:2:      layout_loops_ring, serial_bayou_pond_d, minmay_pentomino_z4
D:3:      layout_loops_ring, serial_shops, shop, shop, shop,
          nicolae_diamond_shop, uniq_natasha, uniq_pargi
D:4:      layout_loops_cross, chequers_temple_overflow_statue_of_worship,
          minmay_temple_entry_drinking_statues, serial_forest,
          infiniplex_forest_clump_double, infiniplex_forest_lined_2,
          infiniplex_forest_lined_2, infiniplex_forest_fountain,
          infiniplex_forest_end_3, infiniplex_forest_clump_medium,
          infiniplex_forest_clump_medium, infiniplex_forest_lined_2,
          uniq_crazy_yiuf_cottage
D:5:      layout_rooms, enter_ossuary_5
Temple:   minmay_crystal_spiral_temple

Skill      XL: |  1  2  3  4  5  6  7 |
---------------+----------------------+-----
Long Blades    | 2 3 4 |  4.0
Armour         | 4 5 |  5.4
Dodging        | 1 2 |  2.0
Shields        | 4 5 |  5.4
Fighting       | 4 |  4.4
Invocations    | 1 |  1.0

Action                     |  1- 3 |  4- 6 |  7- 9 || total
---------------------------+-------+-------+-------++-------
  Melee: Long sword        |   120 |    87 |       ||   207
         Scimitar          |       |    64 |   164 ||   228
    Use: Scroll            |       |    11 |     1 ||    12
         Potion            |       |     1 |     1 ||     2
 Armour: Scale mail        |    50 |       |       ||    50
         Chain mail        |    13 |   116 |    62 ||   191
  Dodge: Dodged            |    51 |    68 |    27 ||   146
  Block: Buckler           |    30 |    34 |    17 ||    81

Table legend: (Time is in decaauts)
 A = Elapsed time spent in this place.
 B = Non-inter-level travel time spent in this place.
 C = Inter-level travel time spent in this place.
 D = Time resting spent in this place.
 E = Time spent auto-exploring this place.
 F = Levels seen in this place.
 G = Mean time per level.
                   A        B        C        D        E       F      G
               +--------+--------+--------+--------+--------+-----+--------+
         Total |   4489 |   4248 |    241 |    188 |   2771 |   7 |  641.3 |
       Dungeon |   3771 |   3613 |    158 |     75 |   2461 |   5 |  754.2 |
        Temple |    211 |    128 |     83 |      0 |    110 |   1 |  211.0 |
       Ossuary |    505 |    505 |      0 |    113 |    200 |   1 |  505.0 |
               +--------+--------+--------+--------+--------+-----+--------+

Top non-repeatable levels by time:
     D:3: 1047 daAuts
     D:1: 950 daAuts
     D:2: 779 daAuts
     D:4: 757 daAuts
 Ossuary: 505 daAuts
     D:5: 237 daAuts
  Temple: 211 daAuts
